 Dungeon Crawl Stone Soup version 0.30-a0-711-gf4ac18a38d (webtiles) character file.

Game seed: 10830227814585612681

8278 wormed the Covert (level 11, -3/64 HPs)
             Began as a Deep Elf Fire Elementalist on Jan 23, 2023.
             Succumbed to a red devil's poison
             ... on level 9 of the Dungeon.
             The game lasted 00:20:25 (11214 turns).

wormed the Covert (Deep Elf Fire Elementalist)     Turns: 11214, Time: 00:20:26

Health: -3/64      AC:  8    Str:  5    XL:     11   Next: 7%
Magic:  17/26      EV: 16    Int: 28    God:
Gold:   57         SH:  0    Dex: 15    Spells: 23/29 levels left

rFire   + + +      SeeInvis .    r - staff of fire
rCold   x . .      Faith    .    (no shield)
rNeg    . . .      Spirit   .    I - +1 robe {rF+}
rPois   .          Reflect  .    B - +1 helmet {Int+3}
rElec   .          Harm     .    l - +1 cloak {Will+}
rCorr   +          Rampage  .    f - +0 pair of gloves
Will    ++...                    (no boots)
Stlth   +++++                    (no amulet)
HPRegen 0.30/turn                s - ring of resist corrosion
MPRegen 0.20/turn                t - ring of fire

@: lethally poisoned (-3 -> -24), spiked, studying Stealth
A: no striking features
a: no special abilities


You were on level 9 of the Dungeon.
You visited 2 branches of the dungeon, and saw 10 of its levels.

You collected 2313 gold pieces.
You spent 2256 gold pieces at shops.

Inventory:

Missiles
 H - 2 throwing nets
Armour
 f - a +0 pair of gloves (worn)
 l - a +1 cloak of willpower (worn)
 B - a +1 helmet of intelligence (worn)
 I - a +1 robe of fire resistance (worn)
Magical Staves
 r - a staff of fire (weapon)
Jewellery
 i - a ring of protection from fire
 s - a ring of resist corrosion (left hand)
 t - a ring of fire (right hand)
 F - a ring of see invisible
Wands
 v - a wand of quicksilver (9) (quivered)
Scrolls
 a - 2 scrolls of fog {unknown}
 k - 2 scrolls of vulnerability
 m - 5 scrolls of immolation {unknown}
 p - a scroll of poison {unknown}
 q - 3 scrolls of torment {unknown}
 u - a scroll of noise {unknown}
 w - a scroll of teleportation {unknown}
 x - a scroll of fear {unknown}
 y - a scroll of enchant armour
 A - 2 scrolls of amnesia {unknown}
 E - a scroll of silence {unknown}
 G - a scroll of blinking {unknown}
Potions
 b - 3 potions of magic
 c - a potion of lignification
 d - 2 potions of attraction {unknown}
 g - a potion of haste
 h - 2 potions of might
 j - 2 potions of curing
 n - a potion of resistance
 o - a potion of cancellation
 C - a potion of berserk rage {unknown}
 D - a potion of degeneration {unknown}


   Skills:
 + Level 5.7 Fighting
 + Level 8.7 Dodging
 + Level 12.4 Stealth
 + Level 9.8 Spellcasting
 + Level 7.6 Conjurations
 + Level 8.5 Fire Magic


You had 23 spell levels left.
You knew the following spells:

 Your Spells              Type           Power      Damage    Failure   Level
a - Foxfire               Conj/Fire      100%       2x1d9     1%          1
b - Scorch                Fire           100%       2d10      1%          2
c - Inner Flame           Hex/Fire       71%        N/A       2%          3

Your spell library contained the following spells:

 Spells                   Type           Power      Damage    Failure   Level
 Flame Wave               Conj/Fire      93%        2d20      1%          4
 Kindle Blastsparks       Fire/Tloc/Air  100%       2d18      3%          3
 Apportation              Tloc           26%        N/A       4%          1
 Slow                     Hex            52%        N/A       4%          1
 Ensorcelled Hibernation  Hex/Ice        26%        N/A       6%          2
 Confusing Touch          Hex            13%        N/A       12%         3
 Spider Form              Tmut/Pois      13%        N/A       12%         3
 Vampiric Draining        Necr           13%        2d6       12%         3
 Vhi's Electric Charge    Tloc/Air       26%        N/A       12%         3
 Arcjolt                  Conj/Air       17%        1d27      24%         5
 Irradiate                Conj/Tmut      17%        3d17      24%         5
 Freezing Cloud           Conj/Ice/Air   14%        6-21      36%         5
 Anguish                  Hex/Necr       6%         N/A       38%         4
 Alistair's Intoxication  Tmut/Pois      8%         N/A       75%         5
 Blade Hands              Tmut           6%         N/A       75%         5
 Simulacrum               Ice/Necr       6%         N/A       99%         6
 Dragon Form              Tmut           6%         N/A       100%        7
 Maxwell's Capacitive Co  Air            6%         ∞         100%        8
 Polar Vortex             Ice            6%         N/A       100%        9


Dungeon Overview and Level Annotations

Branches:
Dungeon (9/15)             Temple (1/1) D:5
   Lair: D:8-11         Orc: D:9-12

Altars:
Ashenzari
Dithmenos
Fedhas
Gozag
Hepliaklqana
Kikubaaqudgha
Makhleb
Nemelex Xobeh
Okawaru
Qazlal
Ru
Sif Muna
Trog
Uskayaw
Yredelemnul
Zin
The Shining One

Shops:
D:4 :[   D:6 *   D:7 ([

Annotations:
D:6 3 runed translucent doors, domi's ghost, amateur DsHW


Message History

* * * LOW HITPOINT WARNING * * *
You feel much better.
You are engulfed in blazing flames.
You resist.
You feel yourself speed up.
You feel extremely sick. The red devil closely misses you.
The kobold demonologist gestures wildly while chanting.
The red devil hits you from afar with a +2 demon trident of venom!
* * * LOW HITPOINT WARNING * * *
Barbed spikes become lodged in your body.
You are more poisoned.
You feel better.
You are engulfed in blazing flames.
You resist.
* * * LOW HITPOINT WARNING * * *
The red devil closely misses you.
The barbs in your skin will harm you if you move.
Continue?
Okay, then.
Aiming: Quicksilver Bolt
Press: ? - help, Q - select action, (/) - cycle Shift-Dir - straight line, f - kobold demonologist
Aim: a kobold demonologist, wielding a +0 dagger and wearing a +0 robe (inner flame, 60% to hit)
The bolt of dispelling energy hits the red devil!
The red devil is heavily wounded.
The bolt of dispelling energy misses the kobold demonologist.
You are engulfed in blazing flames.
You resist.
* * * LOW HITPOINT WARNING * * *
The shadow imp is no longer more vulnerable to fire.
The red devil hits you from afar with a +2 demon trident of venom!
* * * LOW HITPOINT WARNING * * *
Barbed spikes become lodged in your body.
You are lethally poisoned!
Aiming: Quicksilver Bolt
Press: ? - help, Q - select action, (/) - cycle Shift-Dir - straight line, f/p - kobold demonologist
Aim: a kobold demonologist, wielding a +0 dagger and wearing a +0 robe (inner flame, 60% to hit)
The bolt of dispelling energy hits the red devil!
The red devil is severely wounded.
The bolt of dispelling energy hits the kobold demonologist!
Flame seeps out of the kobold demonologist.
The kobold demonologist is moderately wounded.
The kobold demonologist's magical effects unravel!
You are engulfed in blazing flames.
You resist.
* * * LOW HITPOINT WARNING * * *
You die...

#.#...#
#......#####....###.
#.....#
#......#'........<..
###.#...#
.#.#..#5#####....####
........# C#...y..#
##.#.#.# ###.###.#
#######5# #......# #.#
#.# #55K..# ##.##### #.#
#.# ##4#### #.# #.# #.#
#.# #.# #.# #.# #@# #.#
#.###.########.#### #.#
###.........#.......#
#.#
........###.#.......#
#.# ###.#####
#.#...<.#.####.# #.#####
#.#..#.........#
#.....###.#..##.#.######
#.###...>.........# #.#
#####.#.......#


You could see a kobold demonologist, a red devil (summoned), a crimson imp
(summoned) and a shadow imp (summoned).

Vanquished Creatures
  Erica (D:8)
  A two-headed ogre (D:7)
  A manticore (D:7)
  6 unseen horror zombies (D:9)
  Psyche (D:8)
  2 hornets
  A troll (D:8)
  A shadow (D:7)
  Sigmund (D:2)
  A wyvern (D:9)
  4 yaks (D:9)
  A vampire mosquito (D:7)
  A water moccasin (D:7)
  3 orc warriors (D:8)
  A black bear (D:3)
  An ice beast (D:7)
  An ogre (D:5)
  A phantom (D:4)
  3 bullfrogs
  A gnoll sergeant (D:9)
  A necrophage (D:7)
  3 scorpions
  8 wights
  9 killer bees
  5 howler monkeys
  2 centaur zombies (D:9)
  3 hounds (D:5)
  Crazy Yiuf (D:2)
  4 orc priests
  A gnoll bouda (D:6)
  4 iguanas
  7 orc wizards
  Robin (D:3)
  2 howler monkey zombies (D:9)
  10 gnolls
  3 adders
  2 shadow imps
  A white imp (D:7)
  An ufetubus (D:4)
  A worm (D:2)
  2 dart slugs
  36 orcs
  10 ball pythons
  3 endoplasms
  2 giant cockroaches
  11 hobgoblins
  2 jackals (D:5)
  4 quokkas
  7 bats
  5 frilled lizards
  11 goblins
  3 kobolds
  3 rats
201 creatures vanquished.

Vanquished Creatures (others)
  208 foxfires
  A fungus (D:2)
209 creatures vanquished.

Grand Total: 410 creatures vanquished

Notes
Turn   | Place    | Note
-------+----------+-------------------------------------------
     0 | D:1      | wormed the Deep Elf Fire Elementalist began the quest for
                  | the Orb.
     0 | D:1      | Reached XP level 1. HP: 10/10 MP: 6/6
   132 | D:1      | Reached XP level 2. HP: 12/16 MP: 4/8
   507 | D:1      | Learned a level 2 spell: Scorch
   798 | D:2      | Reached skill level 3 in Stealth
   876 | D:2      | Reached XP level 3. HP: 20/20 MP: 6/9
   917 | D:2      | Noticed Sigmund
   941 | D:2      | Killed Sigmund
   942 | D:2      | Reached skill level 1 in Fighting
   942 | D:2      | Reached XP level 4. HP: 25/25 MP: 1/12
   942 | D:2      | Reached XP level 5. HP: 29/29 MP: 1/13
  1473 | D:2      | Found a runed translucent door.
  1474 | D:2      | Noticed Crazy Yiuf
  1481 | D:2      | Killed Crazy Yiuf
  1542 | D:2      | Identified a scroll of acquirement
  1542 | D:2      | Acquired 1076 gold pieces
  1620 | D:2      | Learned a level 3 spell: Inner Flame
  1791 | D:3      | Found a faded altar of an unknown god.
  1846 | D:3      | Noticed Robin
  1915 | D:3      | Found a broken altar of Ashenzari.
  1993 | D:3      | Noticed a black bear
  1999 | D:3      | Reached skill level 4 in Stealth
  2017 | D:3      | Killed a black bear
  2018 | D:3      | Reached XP level 6. HP: 35/35 MP: 1/14
  2330 | D:3      | Killed Robin
  2881 | D:4      | Found Hilann's Armour Shoppe.
  2929 | D:4      | Reached skill level 5 in Spellcasting
  2929 | D:4      | Reached XP level 7. HP: 35/40 MP: 4/16
  3230 | D:4      | Found Wigg's Book Shoppe.
  3249 | D:4      | Identified the +1 robe "Aqamyjih" {Will+ Int-2 Dex+4}
  3255 | D:4      | Bought a manual of Stealth for 960 gold pieces
  3455 | D:5      | Entered Level 5 of the Dungeon
  3544 | D:5      | Reached skill level 5 in Stealth
  3547 | D:5      | HP: 1/40 [orc priest/divine providence (17)]
  3550 | D:5      | Reached skill level 5 in Fire Magic
  3880 | D:5      | Found a staircase to the Ecumenical Temple.
  3898 | Temple   | Entered the Ecumenical Temple
  4272 | D:5      | Found a hazy altar of Hepliaklqana.
  4696 | D:6      | Reached skill level 5 in Dodging
  4696 | D:6      | Reached skill level 6 in Stealth
  4696 | D:6      | Reached XP level 8. HP: 45/45 MP: 9/18
  4786 | D:6      | Found Angem's Overcharged Wands.
  4870 | D:6      | Noticed a hornet
  4877 | D:6      | Killed a hornet
  5249 | D:6      | Found a runed translucent gate.
  5249 | D:6      | Found a runed translucent gate.
  5250 | D:6      | Found a runed translucent gate.
  5262 | D:6      | Found an opulent altar of Gozag.
  5263 | D:6      | Noticed domi's ghost (amateur DsHW)
  5395 | D:6      | Reached skill level 7 in Stealth
  5662 | D:6      | Found a glowing golden altar of the Shining One.
  6230 | D:7      | Reached skill level 5 in Conjurations
  6462 | D:7      | Identified the +6 war axe of the Lamprey {heavy, Drain
                  | rElec Int+6}
  6486 | D:7      | Reached skill level 8 in Stealth
  6524 | D:7      | Reached XP level 9. HP: 37/52 MP: 10/21
  6744 | D:7      | Found Faojug's Antique Weapon Shop.
  6863 | D:7      | Found Vainen's Armour Boutique.
  6868 | D:7      | Bought a +1 helmet of intelligence for 264 gold pieces
  6908 | D:7      | Noticed a manticore
  6915 | D:7      | Killed a manticore
  7033 | D:7      | Reached skill level 9 in Stealth
  7091 | D:7      | Noticed a two-headed ogre
  7098 | D:7      | Killed a two-headed ogre
  7429 | D:7      | Reached skill level 10 in Stealth
  7602 | D:8      | Found a burning altar of Makhleb.
  7988 | D:8      | Found a hide-covered altar of Uskayaw.
  8041 | D:8      | Noticed Psyche
  8046 | D:8      | Killed Psyche
  8047 | D:8      | Reached XP level 10. HP: 58/58 MP: 15/24
  8048 | D:8      | Noticed Erica
  8055 | D:8      | Killed Erica
  8240 | D:8      | Reached skill level 5 in Fighting
  8378 | D:8      | Reached skill level 11 in Stealth
  8719 | D:8      | Found a shimmering blue altar of Sif Muna.
  9604 | D:8      | Acquired 799 gold pieces
  9699 | D:4      | Bought a book of Ice for 552 gold pieces
  9699 | D:4      | Bought a book of Transfigurations for 480 gold pieces
 10249 | D:9      | Found a bloodstained altar of Trog.
 10717 | D:9      | Reached skill level 12 in Stealth
 10931 | D:9      | Found a basalt altar of Yredelemnul.
 10945 | D:9      | Reached XP level 11. HP: 34/64 MP: 14/26
 11214 | D:9      | HP: 2/64 [cloud of flame (2)]
 11214 | D:9      | Succumbed to a red devil's poison

Illustrated notes

Levels and vault maps discovered:
D:1:      saegor_arrival_simple_c, layout_rooms
D:2:      layout_rooms, serial_bayou_pond_d, minmay_misc_feat_rugged,
          wad_floor_pattern_untrapped, amcnicky_mini_rare_corridor_liquid,
          uniq_crazy_yiuf_cottage, uniq_sigmund
D:3:      layout_rooms, mainiacjoe_overflow_brackets,
          dreamdust_ecumenical_altar_angels_and_demons, uniq_robin
D:4:      kb_forest_paths, layout_basic, kennysheep_slug_shrine, serial_shops,
          shop, kennysheep_windowed_goal, uniq_pikel
D:5:      layout_loops_cross, nzn_hepliaklqana_mist_gate,
          minmay_temple_entry_wispy
D:6:      layout_loops_corners, nicolae_tso_swordbearing_angel,
          ebering_ghost_gozag, nicolae_shop_overcharged_wands
D:7:      layout_loops_cross, serial_shops, nicolae_shop_behind_doors,
          minmay_door_square, minmay_shop_grid_forest, minmay_splitting_lines,
          amcnicky_mini_pool_small, kb_rosetta
D:8:      layout_layer_cave, amcnicky_altar_gilded,
          mainiacjoe_overflow_catch_the_wave, uniq_erica, uniq_psyche
D:9:      minmay_clustersquares, layout_loops_corners,
          nicolae_yredelemnul_corpse_copse, trog_book
Temple:   nicolae_temple_ecumenical_triangle

Skill      XL: |  1  2  3  4  5  6  7  8  9 10 |
---------------+-------------------------------+-----
Stealth        | 3 4 6 8 10 12 | 12.4
Fighting       | 1 2 3 4 5 |  5.7
Dodging        | 3 4 5 6 7 8 |  8.7
Spellcasting   | 4 5 7 8 9 |  9.8
Conjurations   | 2 3 4 5 6 7 |  7.6
Fire Magic     | 4 5 6 7 8 |  8.5

Action                     |  1- 3 |  4- 6 |  7- 9 | 10-12 || total
---------------------------+-------+-------+-------+-------++-------
  Melee: Dagger            |     4 |     4 |       |       ||     8
         Quarterstaff      |       |     9 |       |       ||     9
   Cast: Foxfire           |    35 |    14 |    29 |    39 ||   117
         Scorch            |     4 |    58 |   107 |    46 ||   215
         Inner Flame       |       |       |    23 |    38 ||    61
  Evoke: Wand              |       |       |       |     2 ||     2
    Use: Potion            |     2 |       |     1 |     2 ||     5
         Scroll            |       |     6 |     2 |     1 ||     9
 Armour: Robe              |     2 |       |       |     1 ||     3
         Leather armour    |     4 |     7 |     5 |    15 ||    31
         Skin              |     2 |       |       |       ||     2
  Dodge: Dodged            |    12 |    10 |    15 |    43 ||    80

Table legend: (Time is in decaauts)
 A = Elapsed time spent in this place.
 B = Non-inter-level travel time spent in this place.
 C = Inter-level travel time spent in this place.
 D = Time resting spent in this place.
 E = Time spent auto-exploring this place.
 F = Levels seen in this place.
 G = Mean time per level.
                   A        B        C        D        E       F      G
               +--------+--------+--------+--------+--------+-----+--------+
         Total |  11224 |  10498 |    726 |      0 |   9046 |  10 | 1122.4 |
       Dungeon |  11176 |  10457 |    719 |      0 |   9011 |   9 | 1241.8 |
        Temple |     48 |     41 |      7 |      0 |     35 |   1 |   48.0 |
               +--------+--------+--------+--------+--------+-----+--------+

Top non-repeatable levels by time:
     D:8: 2030 daAuts
     D:6: 1606 daAuts
     D:7: 1480 daAuts
     D:9: 1258 daAuts
     D:5: 1217 daAuts
     D:2: 1148 daAuts
     D:3: 972 daAuts
     D:4: 816 daAuts
     D:1: 645 daAuts
  Temple: 48 daAuts
